 Dungeon Crawl Stone Soup version 0.28-a0-630-g0357d9c091 (webtiles) character file.

Game seed: 6350610930702386366

522 Conn the Firebug (level 7, -2/45 HPs)
             Began as an Octopode Fire Elementalist on Oct 9, 2021.
             Slain by a yak (17 damage)
             ... on level 5 of the Dungeon.
             The game lasted 00:05:48 (3930 turns).

Conn the Firebug (Octopode Fire Elementalist)       Turns: 3930, Time: 00:05:49

Health: -2/45      AC:  1    Str:  7    XL:     7   Next: 22%
Magic:  6/12       EV: 13    Int: 19    God:
Gold:   122        SH:  0    Dex: 13    Spells: 1/12 levels left

rFire   + . .      SeeInvis .   m - +0 mace (protect)
rCold   + . .      Faith    .   (no shield)
rNeg    . . .      Spirit   .   (helmet restricted)
rPois   +          Reflect  .   (no amulet)
rElec   +          Harm     .   (no ring)
rCorr   +          Rampage  .   (no ring)
Will    .....                   (no ring)
Stlth   +++++.....              (no ring)
HPRegen 0.15/turn               (no ring)
MPRegen 0.13/turn               (no ring)
                                (no ring)
                                (no ring)

@: resistant
A: almost no armour, amphibious, 8 rings, camouflage 1, gelatinous body 1,
nimble swimmer 1, tentacles
a: no special abilities


You were on level 5 of the Dungeon.
You visited 1 branch of the dungeon, and saw 5 of its levels.

You collected 122 gold pieces.

Inventory:

Hand Weapons
 a - a +0 dagger
 m - a +0 mace of protection (weapon)
Missiles
 k - 5 curare-tipped darts (quivered)
Scrolls
 b - a scroll of silence {unknown}
 c - 3 scrolls of teleportation {unknown}
 g - 2 scrolls of torment {unknown}
 j - a scroll of identify {unknown}
 l - a scroll of fear {unknown}
 o - a scroll of magic mapping {unknown}
 p - a scroll of enchant weapon {unknown}
 r - a scroll of brand weapon {unknown}
 s - a scroll of fog {unknown}
Potions
 d - a potion of flight {unknown}
 e - a potion of brilliance {unknown}
 f - a potion of magic {unknown}
 h - a potion of curing {unknown}
 i - a potion of resistance
 n - 2 potions of heal wounds {unknown}
 q - 2 potions of cancellation {unknown}
 t - 2 potions of lignification {unknown}


   Skills:
 + Level 2.3 Fighting
 + Level 2.3 Maces & Flails
 + Level 3.0 Dodging
 + Level 4.3 Stealth
 + Level 3.3 Spellcasting
 + Level 2.5 Conjurations
 + Level 0.1 Hexes
 + Level 4.6 Fire Magic


You had one spell level left.
You knew the following spells:

 Your Spells              Type           Power      Damage    Failure   Level
a - Foxfire               Conj/Fire      64%        2x1d7     3%          1
b - Conjure Flame         Conj/Fire      16%        6-21      11%         3
c - Inner Flame           Hex/Fire       12%        N/A       17%         3
d - Flame Wave            Conj/Fire      16%        3d5       34%         4

Your spell library contained the following spells:

 Spells                   Type           Power      Damage    Failure   Level
 Scorch                   Fire           40%        2d7       3%          2
 Frozen Ramparts          Ice            6%         1d2       41%         3
 Ice Form                 Ice/Tmut       3%         N/A       82%         4
 Summon Ice Beast         Ice/Summ       3%         N/A       82%         4


Dungeon Overview and Level Annotations

Branches:
Dungeon (5/15)
 Temple: D:4-7

Altars:
Dithmenos
Elyvilon
Qazlal

Shops:
D:3 *


Innate Abilities, Weirdness & Mutations

You cannot wear most types of armour.
You are amphibious.
You can wear up to eight rings at the same time.
Your skin changes colour to match your surroundings (Stealth+).
Your rubbery body absorbs attacks. (AC +1, EV +1)
You are camouflaged near water. (Stealth+)
You have tentacles for arms and can constrict up to eight enemies at once.


Message History

Unknown command.
Casting: Inner Flame (dangerous; 17% risk of failure)
Confirm with . or Enter, or press ? or * to list all spells.
You conjure some foxfire!
Unknown command.
Casting: Foxfire (safe; 3% risk of failure)
Confirm with . or Enter, or press ? or * to list all spells.
You conjure some foxfire!
The foxfire hits the yak but does no damage.
The foxfire hits the yak.
Flame seeps out of the yak.
The yak is lightly wounded.
Unknown command.
Casting: Foxfire (safe; 3% risk of failure)
Confirm with . or Enter, or press ? or * to list all spells.
You conjure some foxfire!
The foxfire hits the yak.
Flame seeps out of the yak.
The yak is lightly wounded.
The foxfire hits the yak.
Flame seeps out of the yak.
The yak is lightly wounded.
The yak gores you!
The foxfire hits the yak.
Flame seeps out of the yak.
The yak is moderately wounded.
The foxfire hits the yak but does no damage.
The yak is moderately wounded.
Unknown command.
Casting: Foxfire (safe; 3% risk of failure)
Confirm with . or Enter, or press ? or * to list all spells.
You conjure some foxfire!
The yak gores you.
Unknown command.
The foxfire hits the yak.
Flame seeps out of the yak.
The yak is moderately wounded.
The foxfire hits the yak.
Flame seeps out of the yak.
The yak is moderately wounded.
The yak is engulfed in blazing flames.
Flame seeps out of the yak.
Unknown command.
It was a potion of resistance.
You feel protected. The yak gores you. The yak gores you! The yak gores you!
You die...

#......
#...!.##### #
#.....#...# ##.
#.....#.Y.#
(...##.....#!@.#
.........#.≈.#
#......#.≈.#
...#..<...#...#
.Y.........##'##
....#.........#
.⌠. #.Y##.#####
Y l.... #.#
...#.. ...


You could see a yak (inner flame).

Vanquished Creatures
  A black bear (D:4)
  An ogre (D:4)
  A water moccasin skeleton (D:4)
  A bullfrog zombie (D:3)
  4 hounds
  A jelly (D:4)
  3 adders
  A gnoll (D:1)
  An ufetubus (D:4)
  An adder skeleton (D:4)
  7 worms
  A dart slug (D:4)
  2 orcs
  4 ball pythons
  A bat (D:2)
  5 endoplasms
  4 giant cockroaches
  6 goblins
  2 hobgoblins
  3 jackals (D:1)
  2 quokkas (D:4)
  2 frilled lizards
  5 kobolds
  A quokka skeleton (D:4)
  5 rats
65 creatures vanquished.

Vanquished Creatures (others)
  168 foxfires
168 creatures vanquished.

Grand Total: 233 creatures vanquished

Notes
Turn   | Place    | Note
-------+----------+-------------------------------------------
     0 | D:1      | Conn the Octopode Fire Elementalist began the quest for the
                  | Orb.
     0 | D:1      | Reached XP level 1. HP: 11/11 MP: 3/3
    16 | D:1      | Reached XP level 2. HP: 17/17 MP: 0/5
   698 | D:1      | Reached XP level 3. HP: 21/21 MP: 4/6
  1602 | D:2      | Reached XP level 4. HP: 13/27 MP: 3/7
  2289 | D:3      | Found a stormy altar of Qazlal.
  2329 | D:3      | Reached XP level 5. HP: 31/31 MP: 3/9
  3047 | D:3      | Found Vasimos's Assorted Antiques.
  3111 | D:3      | Found a white marble altar of Elyvilon.
  3196 | D:4      | Found a shadowy altar of Dithmenos.
  3209 | D:4      | Reached skill level 1 in Maces & Flails
  3284 | D:4      | Reached XP level 6. HP: 31/37 MP: 10/10
  3382 | D:4      | Noticed a black bear
  3408 | D:4      | Killed a black bear
  3409 | D:4      | Reached skill level 1 in Fighting
  3429 | D:4      | Learned a level 3 spell: Conjure Flame
  3433 | D:4      | Learned a level 3 spell: Inner Flame
  3438 | D:4      | Learned a level 4 spell: Flame Wave
  3636 | D:4      | Reached XP level 7. HP: 35/45 MP: 0/11
  3906 | D:5      | Entered Level 5 of the Dungeon
  3906 | D:5      | Noticed a yak
  3906 | D:5      | Noticed a yak
  3930 | D:5      | Slain by a yak

Illustrated notes

Levels and vault maps discovered:
D:1:      beargit_arrival_greenhouse, layout_basic
D:2:      layout_rooms
D:3:      layout_basic, mainiacjoe_overflow_24_doors,
          mainiacjoe_overflow_alcove_2, serial_shops, nicolae_shop_behind_doors
D:4:      layout_basic, mainiacjoe_overflow_six_doors_small,
          kennysheep_generic_room_4
D:5:      minmay_skewed_foursquare, layout_rooms, mainiacjoe_overflow_two_lobes,
          minmay_temple_entry_large_hall, interstate_on_off,
          hangedman_decor_peaks_small, minmay_shop_damaged, dk_vineyard_2,
          sigmund_army, uniq_prince_ribbit1, uniq_edmund,
          uniq_crazy_yiuf_cottage, uniq_sigmund

Skill      XL: |  1  2  3  4  5  6 |
---------------+-------------------+-----
Stealth        | 3 4 |  4.3
Fire Magic     | 4 |  4.6
Conjurations   | 2 |  2.5
Maces & Flails | 1 2 |  2.3
Spellcasting   | 3 |  3.3
Fighting       | 2 |  2.3
Dodging        | 3 |  3.0
Hexes          | |  0.1

Action                   |  1- 3 |  4- 6 |  7- 9 || total
-------------------------+-------+-------+-------++-------
Melee: Dagger            |    21 |    10 |       ||    31
       Constrict         |     7 |    15 |     1 ||    23
       Tentacles         |     5 |    12 |     1 ||    18
       Mace              |       |    54 |     4 ||    58
Throw: Dart              |       |     2 |       ||     2
 Cast: Foxfire           |    57 |    32 |    11 ||   100
       Inner Flame       |       |     1 |     1 ||     2
  Use: Potion            |       |       |     1 ||     1
 Stab: Sleeping          |       |     2 |     1 ||     3
Armor: Skin              |     1 |    26 |       ||    27
Dodge: Dodged            |    19 |    57 |     2 ||    78

Table legend: (Time is in decaauts)
 A = Elapsed time spent in this place.
 B = Non-inter-level travel time spent in this place.
 C = Inter-level travel time spent in this place.
 D = Time resting spent in this place.
 E = Time spent auto-exploring this place.
 F = Levels seen in this place.
 G = Mean time per level.
                   A        B        C        D        E       F      G
               +--------+--------+--------+--------+--------+-----+--------+
         Total |   3948 |   3892 |     56 |      0 |   3083 |   5 |  789.6 |
       Dungeon |   3948 |   3892 |     56 |      0 |   3083 |   5 |  789.6 |
               +--------+--------+--------+--------+--------+-----+--------+

Top non-repeatable levels by time:
     D:2: 1061 daAuts
     D:1: 1059 daAuts
     D:3: 1028 daAuts
     D:4: 775 daAuts
     D:5: 23 daAuts
